 Dungeon Crawl Stone Soup version 0.28-a0-983-g1de4e0787c (console) character file.

Game seed: 6092765750066020265

27 jejorda2 the Skirmisher (level 2, -8/25 HPs)
             Began as a Palentonga Berserker on Dec 2, 2021.
             Was a Believer of Trog.
             Mangled by Sigmund (10 damage)
             ... on level 2 of the Dungeon.
             The game lasted 00:02:41 (902 turns).

jejorda2 the Skirmisher (Palentonga Berserker)       Turns: 902, Time: 00:02:42

Health: -8/25      AC:  7    Str: 20    XL:     2   Next: 93%
Magic:  2/2        EV:  5    Int:  7    God:    Trog [**....]
Gold:   49         SH:  0    Dex:  9    Spells: 1/1 levels left

rFire   . . .      SeeInvis +   a - +0 hand axe
rCold   . . .      Faith    .   (no shield)
rNeg    . . .      Spirit   .   c - +0 chain mail
rPois   .          Reflect  .   (no helmet)
rElec   .          Harm     .   (no cloak)
rCorr   .          Rampage  .   (no gloves)
Will    .....                   (no barding)
Stlth   ..........              (no amulet)
HPRegen 0.08/turn               (no ring)
MPRegen 0.08/turn               (no ring)

@: confused, on berserk cooldown, slowed, very slow
A: large, rugged brown scales 3, see invisible, deformed body, roll 1, armoured
tail
a: Rolling Charge, Renounce Religion, Berserk, Trog's Hand


You were on level 2 of the Dungeon.
You worshipped Trog.
Trog was pleased with you.
You visited 1 branch of the dungeon, and saw 2 of its levels.

You collected 49 gold pieces.

Inventory:

Hand Weapons
 a - a +0 hand axe (weapon)
 f - a +0 antimagic spear
Missiles
 b - 117 stones
Armour
 c - a +0 chain mail (worn)
Scrolls
 d - a scroll of fog {unknown}
Potions
 e - a potion of degeneration {unknown}


   Skills:
 + Level 3.4 Fighting
 + Level 3.4 Axes
 + Level 2.0 Armour
 - Level 1.5 Dodging


You had one spell level left.
You didn't know any spells.
Your spell library was empty.

Dungeon Overview and Level Annotations

Branches:
Dungeon (2/15)

Altars:

Shops:
D:2 [

Annotations:
D:2 Sigmund


Innate Abilities, Weirdness & Mutations

You are completely covered in rugged brown scales. (AC +3, +7% HP)
You have supernaturally acute eyesight. (SInv)
Armour fits poorly on your strangely shaped body.
You can roll at nearby foes to attack.
You have a long armoured tail.


Message History

Sigmund flickers and vanishes for a moment.
You hit the goblin.
The goblin is heavily wounded.
A goblin comes into view. It is wielding a +0 club.
The goblin unwields a +0 hunting sling.
The goblin wields a +0 club.
The goblin hits you but does no damage.
You hit the goblin.
You kill the goblin!
Trog accepts your kill.
You can now call upon Trog for regeneration and willpower.
Sigmund screams, "You will never...
NEVER!!!"
A goblin comes into view. It is wielding a +0 club.
You roll forward with a clatter of scales!
A goblin comes into view. It is wielding a +0 club.
The goblin shouts!
You slash Sigmund!
Sigmund is heavily wounded.
Sigmund points at you and mumbles some strange words.
The magic dart hits you!
A red film seems to cover your vision as you go berserk!
You feel yourself moving faster!
You feel mighty! Sigmund hits you with a +0 scythe.
* * * LOW HITPOINT WARNING * * *
A hobgoblin comes into view.
You closely miss Sigmund.
Sigmund is heavily wounded.
Sigmund casts a spell at you.
You are confused.
You bump into the rock wall.
A goblin comes into view. It is wielding a +0 club.
You bump into the rock wall.
You feel a strong urge to attack something.
Sigmund hits you with a +0 scythe!
* * * LOW HITPOINT WARNING * * *
You bump into the rock wall.
You're too confused to move!
You feel your anger nearly subside.
You are no longer berserk.
You are exhausted.
You feel yourself slow down. Sigmund hits you with a +0 scythe!
You die...

#...##.##.### ..#.#
###.#.##......###.##.###
#...#...........).......
#.#####...@..†.......#
....#...#.#.#...gg...#
....#...#.#.####gg#..#
###...#.#.#.# #g## ....
.....##.#.#.# #@# ##
#######.#.#.# #@# ..
#.#.#.# #)# ### ....#.#
#.# # #.# #.# # #(# #.#
. #.# #.# #.# #.#


You could see Sigmund (resistant, invisible), a hobgoblin and 4 goblins.

Vanquished Creatures
  3 ball pythons (D:1)
  A bat (D:1)
  4 endoplasms (D:1)
  A giant cockroach (D:1)
  5 hobgoblins
  A quokka (D:2)
  4 goblins
  A kobold (D:1)
  2 rats (D:1)
22 creatures vanquished.

Notes
Turn   | Place    | Note
-------+----------+-------------------------------------------
     0 | D:1      | jejorda2 the Palentonga Berserker began the quest for the
                  | Orb.
     0 | D:1      | Reached XP level 1. HP: 19/19 MP: 1/1
   168 | D:1      | Reached XP level 2. HP: 10/25 MP: 2/2
   468 | D:1      | Found a faded altar of an unknown god.
   468 | D:1      | Noticed a shining eye
   473 | D:1      | Noticed an eye of devastation
   482 | D:1      | Noticed a shining eye
   482 | D:1      | Noticed a great orb of eyes
   843 | D:2      | Found Gaumal's Armour Boutique.
   884 | D:2      | Noticed Sigmund
   895 | D:2      | Reached ** piety under Trog
   902 | D:2      | Mangled by Sigmund

Illustrated notes

Levels and vault maps discovered:
D:1:      sevenhm_arrival_forest_fort_large_4, layout_basic,
          hellmonk_ecumenical_altar_watching_god, minmay_small_reverse_x
D:2:      layout_loops_ring, serial_shops, nicolae_shop_overgrown_old_shop,
          nicolae_shop_trees, nicolae_shop_hallway_plus, nicolae_square_shop,
          minivault_19, st_stairs_7, minmay_bisected, uniq_sigmund,
          uniq_jessica, uniq_robin

Skill      XL: |  1  2 |
---------------+-------+-----
Armour         | 2 |  2.0
Fighting       | |  3.4
Axes           | |  3.4
Dodging        | |  1.5

Action                   || total
-------------------------++-------
Melee: Hand axe          ||    47
       Tailslap          ||     2
Invok: Berserk           ||     1
 Abil: Rolling Charge    ||    12
Armor: Chain mail        ||    17
       Animal skin       ||     5
Dodge: Dodged            ||    13

Table legend: (Time is in decaauts)
 A = Elapsed time spent in this place.
 B = Non-inter-level travel time spent in this place.
 C = Inter-level travel time spent in this place.
 D = Time resting spent in this place.
 E = Time spent auto-exploring this place.
 F = Levels seen in this place.
 G = Mean time per level.
                   A        B        C        D        E       F      G
               +--------+--------+--------+--------+--------+-----+--------+
         Total |    907 |    900 |      7 |      0 |    747 |   2 |  453.5 |
       Dungeon |    907 |    900 |      7 |      0 |    747 |   2 |  453.5 |
               +--------+--------+--------+--------+--------+-----+--------+

Top non-repeatable levels by time:
     D:1: 798 daAuts
     D:2: 109 daAuts
